 Dungeon Crawl Stone Soup version 0.29-a0-392-g297d3b089c (webtiles) character file.

Game seed: 10022495286381937566

287 dolemite99 the Ruffian (level 6, -8/56 HPs)
             Began as a Troll Chaos Knight on May 9, 2022.
             Was a Plaything of Xom.
             Killed by drain life
             ... invoked by a soul eater
             ... summoned by Xom
              (17 damage)
             ... on level 4 of the Dungeon.
             The game lasted 00:03:11 (2690 turns).

dolemite99 the Ruffian (Troll Chaos Knight)         Turns: 2690, Time: 00:03:12

Health: -8/56      AC:  7    Str: 23      XL:     6   Next: 8%
Magic:  5/5        EV:  9    Int:  8      God:    Xom [......]
Gold:   36         SH:  0    Dex:  9 (11) Spells: 5/5 levels left

rFire   . . .      SeeInvis .     - Unarmed
rCold   + . .      Faith    .   (no shield)
rNeg    . . .      Spirit   .   a - +2 robe
rPois   .          Reflect  .   (helmet restricted)
rElec   .          Harm     .   q - +0 cloak
rCorr   .          Rampage  .   (gloves unavailable)
Will    .....                   (boots unavailable)
Stlth   +.........              f - amulet of magic regeneration
HPRegen 0.98/turn               (no ring)
MPRegen 0.49/turn               (no ring)

@: spiked
A: large, unfitting armour, claws 3, regeneration 1, shaggy fur 1, tough skin 1,
agile 1, cold resistance 1, frail 1, screaming 1, sturdy frame 1
a: Renounce Religion


You were on level 4 of the Dungeon.
You worshipped Xom.
You were a very special plaything of Xom.
You visited 1 branch of the dungeon, and saw 4 of its levels.

You collected 90 gold pieces.
You spent 54 gold pieces at shops.

Inventory:

Missiles
 g - 6 poisoned darts
 k - 47 stones
 u - a throwing net
Armour
 a - a +2 robe (worn)
 q - a +0 cloak (worn)
 t - a +0 scale mail
Jewellery
 f - an amulet of magic regeneration (around neck)
 s - an amulet of regeneration
Wands
 c - a wand of mindburst (10)
 n - a wand of flame (31)
 o - a wand of polymorph (8)
Scrolls
 d - 2 scrolls of poison
 j - a scroll of magic mapping
 r - a scroll of amnesia
Potions
 e - 2 potions of invisibility {unknown}
 h - a potion of magic {unknown}
 i - a potion of curing
 l - a potion of might {unknown}
 m - a potion of lignification {unknown}
 p - a potion of brilliance {unknown}
Miscellaneous
 b - a piece from Xom's chessboard (1/15) (quivered)


   Skills:
 + Level 4.3 Fighting
 - Level 1.9 Dodging
 + Level 5.3 Unarmed Combat


You had 5 spell levels left.
You didn't know any spells.
Your spell library contained the following spells:

 Spells                   Type           Power      Damage    Failure   Level
 Corpse Rot               Necr/Air       0%         N/A       54%         2
 Poisonous Vapours        Pois/Air       0%         N/A       54%         2


Dungeon Overview and Level Annotations

Branches:
Dungeon (4/15)             Temple (0/1) D:4

Altars:
Fedhas

Shops:
D:4 *

Annotations:
D:4 3 runed translucent doors, puppykicker's ghost, amateur DrAM


Innate Abilities, Weirdness & Mutations

You are too large for most types of armour.
You have claws for hands.
Your natural rate of healing is unusually fast.
You are covered in fur. (AC +1)
You have tough skin. (AC +1)
You are agile. (Dex +2)
Your flesh is cold resistant. (rC+)
You are frail. (-10% HP)
You occasionally shout uncontrollably at your foes.
Your movements are slightly less encumbered by armour. (ER -2)


Message History

The water moccasin bites you but does no damage.
The water moccasin closely misses you.
You feel better. The water moccasin closely misses you.
The water moccasin misses you.
You miss the water moccasin.
The water moccasin is lightly wounded.
The water moccasin bites you. x2
You are poisoned.
The water moccasin poisons you!
You claw the water moccasin!
The water moccasin is heavily wounded.
You feel very sick. The water moccasin bites you.
The water moccasin closely misses you.
You feel better.
The water moccasin bites you but does no damage.
The water moccasin closely misses you.
You barely miss the water moccasin.
The water moccasin is heavily wounded. "Let's see if it's strong enough to survive yet."
The water moccasin bites you.
You are poisoned.
The water moccasin poisons you! The water moccasin misses you.
You miss the water moccasin. Your claw misses the water moccasin.
The water moccasin is heavily wounded.
You feel very sick. The water moccasin bites you.
The water moccasin bites you but does no damage.
You feel better. The water moccasin bites you. The shadow imp hits you.
The red devil hits you from afar with a +0 trident!
* * * LOW HITPOINT WARNING * * *
Barbed spikes become lodged in your body.
The water moccasin closely misses you.
As you read the scroll labelled JUADWARR KERA, it crumbles to dust.
The creatures around you are filled with an inner flame!
It was a scroll of immolation.
The water moccasin bites you but does no damage.
The shadow imp barely misses you.
The soul eater draws from the surrounding life force!
You die...
Xom titters!

....## #.# ♣♣.....♣♣ .....#
#.# # ♣.......♣ .....# #.#
.# ♣...._....♣ ###..# #.##
.# ♣....o....♣ .
#..#####..######.#
♣...........
.K#...##...<.......#
♣.♣.......♣.
.o#....†...........#
♣♣♣♣♣...♣♣♣
.W#...##.......53### ...♣
..#..###.......5@###♣♣♣♣♣
.... ..#..#
######.4..S......#
..#..########..######.......
###.........................
.....>.....[#########.......
.......###### ####### ###.
.. ###


You could see a soul eater (summoned, inner flame), a red devil (summoned, inner
flame), a water moccasin (fast, inner flame), an iron imp (summoned, inner
flame) and a shadow imp (summoned, inner flame).

Vanquished Creatures
  A howler monkey (D:4)
  Natasha (thrice) (D:2)
  Ijyb (D:3)
  An orc wizard (D:3)
  A gnoll (D:1)
  5 adders
  An ufetubus (D:4)
  2 dart slugs
  7 orcs
  6 endoplasms
  A giant cockroach (D:3)
  2 goblins (D:1)
  2 hobgoblins
  4 jackals (D:4)
  3 kobolds
  3 quokkas
  5 ball pythons
  4 bats
  5 frilled lizards
  3 rats
60 creatures vanquished.

Notes
Turn   | Place    | Note
-------+----------+-------------------------------------------
     0 | D:1      | dolemite99 the Troll Chaos Knight began the quest for the
                  | Orb.
     0 | D:1      | Reached XP level 1. HP: 22/22 MP: 0/0
    99 | D:1      | XOM: silly message
   120 | D:1      | Reached XP level 2. HP: 29/29 MP: 1/1
   311 | D:1      | XOM: silly message
   326 | D:1      | XOM: potion effect (curing)
   330 | D:1      | Reached XP level 3. HP: 33/37 MP: 2/2
   472 | D:1      | XOM: divination: detect items
   641 | D:2      | XOM: silly message
   834 | D:2      | XOM: smoke on damage
   841 | D:2      | Noticed Natasha
   845 | D:2      | XOM: give mutations
   845 | D:2      | Gained mutation: You occasionally shout uncontrollably at
                  | your foes. [Xom's mischief]
   845 | D:2      | Gained mutation: You are agile. (Dex +2) [Xom's mischief]
   847 | D:2      | Killed Natasha
   848 | D:2      | Reached skill level 4 in Unarmed Combat
   848 | D:2      | Reached XP level 4. HP: 45/45 MP: 3/3
   914 | D:2      | Noticed Natasha
   926 | D:2      | Killed Natasha
   975 | D:2      | Noticed Natasha
   984 | D:2      | Killed Natasha
   985 | D:2      | Reached XP level 5. HP: 54/54 MP: 4/4
  1046 | D:2      | XOM: give mutations
  1046 | D:2      | Gained mutation: You are frail. (-10% HP) [Xom's mischief]
  1046 | D:2      | Gained mutation: Your movements are slightly less
                  | encumbered by armour. (ER -2) [Xom's mischief]
  1046 | D:2      | Gained mutation: Your flesh is cold resistant. (rC+) [Xom's
                  | mischief]
  1112 | D:3      | XOM is BORED!
  1112 | D:3      | XOM: 9-stop teleportation journey
  1403 | D:3      | Found a faded altar of an unknown god.
  1422 | D:3      | XOM: 5-stop teleportation journey
  1519 | D:3      | Noticed Ijyb
  1527 | D:3      | Killed Ijyb
  1912 | D:3      | XOM: summons 2 hostile shadow creatures
  1926 | D:3      | XOM: summons 3 hostile demons
  2322 | D:4      | Found a staircase to the Ecumenical Temple.
  2338 | D:4      | Found a runed translucent gate.
  2338 | D:4      | Noticed puppykicker's ghost (amateur DrAM)
  2341 | D:4      | Found a runed translucent gate.
  2343 | D:4      | Found a runed translucent gate.
  2354 | D:4      | Found a blossoming altar of Fedhas.
  2354 | D:4      | XOM: 5-stop teleportation journey
  2370 | D:4      | Reached skill level 5 in Unarmed Combat
  2412 | D:4      | XOM: silly message
  2463 | D:4      | Found Law Weot's Neck Hole.
  2470 | D:4      | Bought a +0 cloak for 54 gold pieces
  2621 | D:4      | Reached XP level 6. HP: 45/55 MP: 5/5
  2675 | D:4      | Noticed a water moccasin
  2682 | D:4      | XOM: stat loss: -1 Dex (9/11)
  2687 | D:4      | XOM: summons 4 hostile demons
  2688 | D:4      | Noticed a soul eater
  2688 | D:4      | Noticed a red devil
  2690 | D:4      | Killed from afar by a soul eater

Illustrated notes

Levels and vault maps discovered:
D:1:      kennysheep_arrival_seaside, layout_rooms, minmay_misc_feat_roman
D:2:      minmay_chambers_of_ones, layout_basic, grunt_decor_resistance,
          uniq_natasha
D:3:      layout_basic, ebering_ecumenical_altar_mist, uniq_ijyb
D:4:      layout_rooms, fedhas_altar_fruit_tree, marbit_many_paths,
          temple_statues, gammafunk_ghost_split,
          nicolae_shop_sticking_my_neck_out

Skill      XL: |  1  2  3  4  5 |
---------------+----------------+-----
Fighting       | 3 4 |  4.3
Unarmed Combat | 4 5 |  5.3
Dodging        | |  1.9

Action                   |  1- 3 |  4- 6 || total
-------------------------+-------+-------++-------
Melee: Unarmed           |    76 |   130 ||   206
       Punch             |       |     2 ||     2
Evoke: Piece from Xom's  |    17 |     8 ||    25
  Use: Scroll            |       |     8 ||     8
       Potion            |       |     3 ||     3
 Stab: Petrified         |     1 |       ||     1
       Sleeping          |     1 |       ||     1
       Confused          |       |     1 ||     1
Armor: Robe              |    31 |    57 ||    88
Dodge: Dodged            |    30 |    69 ||    99

Table legend: (Time is in decaauts)
 A = Elapsed time spent in this place.
 B = Non-inter-level travel time spent in this place.
 C = Inter-level travel time spent in this place.
 D = Time resting spent in this place.
 E = Time spent auto-exploring this place.
 F = Levels seen in this place.
 G = Mean time per level.
                   A        B        C        D        E       F      G
               +--------+--------+--------+--------+--------+-----+--------+
         Total |   2680 |   2611 |     69 |    451 |   1542 |   4 |  670.0 |
       Dungeon |   2680 |   2611 |     69 |    451 |   1542 |   4 |  670.0 |
               +--------+--------+--------+--------+--------+-----+--------+

Top non-repeatable levels by time:
     D:3: 1221 daAuts
     D:1: 566 daAuts
     D:2: 526 daAuts
     D:4: 365 daAuts
